 Dungeon Crawl Stone Soup version 0.26-a0-663-g36e8fdb655 (webtiles) character file.

Game seed: 4452902844324613057

16 flotson the Sneak (level 2, -2/24 HPs)
             Began as a Demonspawn Delver on Oct 10, 2020.
             Killed by divine providence
             ... invoked by an orc priest
              (12 damage)
             ... on level 4 of the Dungeon.
             The game lasted 00:01:23 (359 turns).

flotson the Sneak (Demonspawn Delver)                Turns: 359, Time: 00:01:23

Health: -2/24      AC:  6    Str: 12    XL:     2   Next: 37%
Magic:  2/2        EV:  9    Int: 11    God:
Gold:   17         SH:  0    Dex: 14    Spells: 1/1 levels left

rFire    . . .     SeeInvis .   d - +2 dagger (flame)
rCold    . . .     Faith    .   (no shield)
rNeg     . . .     Spirit   .   e - +0 scale mail
rPois    .         Reflect  .   (helmet restricted)
rElec    .         Harm     .   (no cloak)
rCorr    .         Rampage  .   (no gloves)
MR       .....                  (no boots)
Stlth    ++........             (no amulet)
HPRegen  0.08/turn              (no ring)
MPRegen  0.08/turn              (no ring)

@: no status effects
A: horns 1
a: no special abilities


You were on level 4 of the Dungeon.
You visited 1 branch of the dungeon, and saw 2 of its levels.

You collected 17 gold pieces.

Inventory:

Hand Weapons
 d - a +2 dagger of flaming (weapon)
Armour
 e - a +0 scale mail (worn)
Wands
 f - a wand of digging (3)
Scrolls
 a - a scroll of identify {unknown}
 b - a scroll of fog
 c - a scroll of magic mapping
Potions
 h - a potion of degeneration {unknown}


   Skills:
 + Level 3.1 Fighting
 + Level 1.8 Dodging
 + Level 5.0 Stealth
 + Level 1.8 Unarmed Combat


You had one spell level left.
You didn't know any spells.
Your spell library was empty.

Dungeon Overview and Level Annotations

Branches:
Dungeon (5/15)
 Temple: D:4-7

Altars:


Innate Abilities, Weirdness & Mutations

You have a pair of small horns on your head.


Message History

The orc wizard shouts!
A worker ant comes into view.
The orc wizard casts a spell at you. The puff of frost hits you.
The orc priest shouts!
The orc priest barely misses you.
Found a green potion.
There is a stone staircase leading up here.
The orc priest hits you with an uncursed staff of death.
The orc priest looks satisfied for a moment.
You climb upwards.
Found two stone staircases leading up.
There is a stone staircase leading down here.
A worker ant comes into view.
The orc wizard hits you with a +0 rapier.
The orc wizard hits you with a +0 rapier!
The orc priest invokes the aid of Beogh against you.
Beogh smites you!
Ouch! That really hurt!
You die...

#......# #......+
#......#
##+##......#
#B.........#
###..........#
.............#
.....<.@o....#
.............####+#
...##+###o.......<.
. #..>.......
#..........
#..........
#..........
...........
..##+######+


You could see a worker ant (asleep), an orc priest and an orc wizard.

Vanquished Creatures
  An ufetubus (D:5)
  5 orcs (D:5)
6 creatures vanquished.

Notes
Turn   | Place    | Note
-------+----------+-------------------------------------------
     0 | D:5      | flotson the Demonspawn Delver began the quest for the Orb.
     0 | D:5      | Reached XP level 1. HP: 18/18 MP: 1/1
     4 | D:5      | Got a smoking helmet
    10 | D:5      | Identified the +0 helmet of Ixzalaf {Dex+2} (You found it
                  | on level 5 of the Dungeon)
    78 | D:5      | Gained mutation: You have a pair of small horns on your
                  | head. [demonic ancestry]
    78 | D:5      | Reached XP level 2. HP: 5/24 MP: 2/2
   318 | D:5      | Reached skill level 5 in Stealth
   359 | D:4      | Killed from afar by an orc priest

Illustrated notes

Levels and vault maps discovered:
D:4:      layout_gridville
D:5:      layout_cave_pools, grunt_temple_overflow_open, minmay_misc_feat_room,
          uniq_sigmund

Skill      XL: |  1  2 |
---------------+-------+-----
Stealth        | 5 |  5.0
Fighting       | |  3.1
Dodging        | |  1.8
Unarmed Combat | |  1.8

Action                   || total
-------------------------++-------
Melee: Unarmed           ||    21
       Dagger            ||    10
       Headbutt          ||     1
  Use: Scroll            ||     1
       Potion            ||     1
Armor: Leather armour    ||     3
Dodge: Dodged            ||    17

Table legend: (Time is in decaauts)
 A = Elapsed time spent in this place.
 B = Non-inter-level travel time spent in this place.
 C = Inter-level travel time spent in this place.
 D = Time resting spent in this place.
 E = Time spent auto-exploring this place.
 F = Levels seen in this place.
 G = Mean time per level.
                   A        B        C        D        E       F      G
               +--------+--------+--------+--------+--------+-----+--------+
         Total |    338 |    338 |      0 |     56 |    193 |   2 |  169.0 |
       Dungeon |    338 |    338 |      0 |     56 |    193 |   2 |  169.0 |
               +--------+--------+--------+--------+--------+-----+--------+

Top non-repeatable levels by time:
     D:5: 334 daAuts
     D:4: 3 daAuts
